 Dungeon Crawl Stone Soup version 0.21.1-1-g345015fe64 (webtiles) character file.

125 Hercules1031 the Ducker (level 4, -4/23 HPs)
             Began as a Spriggan Monk on June 11, 2018.
             Slain by Sigmund
             ... wielding a +0 scythe
              (7 damage)
             ... on level 2 of the Dungeon.
             The game lasted 00:07:48 (1324 turns).

Hercules1031 the Ducker (Spriggan Monk)             Turns: 1324, Time: 00:07:49

Health: -4/23      AC:  2    Str:  8    XL:     4   Next: 82%
Magic:  5/5        EV: 21    Int: 11    God:
Gold:   89         SH:  0    Dex: 18    Spells: 3/3 levels left

rFire    . . .     SeeInvis +   a - +0 short sword
rCold    . . .     Gourm    .   (shield restricted)
rNeg     . . .     Faith    .   b - +0 robe
rPois    .         Spirit   .   (helmet restricted)
rElec    .         Reflect  .   (no cloak)
rCorr    .         Harm     .   (gloves unavailable)
MR       .....                  (boots unavailable)
Stlth    +++.......             f - amulet of regeneration
HPRegen  0.47/turn              (no ring)
MPRegen  0.09/turn              (no ring)

@: very quick
A: very small, unfitting armour, see invisible, herbivore, speed 3, slow
metabolism 2
a: no special abilities


You were on level 2 of the Dungeon.
You were full.

You visited 1 branch of the dungeon, and saw 2 of its levels.

You collected 89 gold pieces.

Inventory:

Hand Weapons
 a - a +0 short sword (weapon)
Missiles
 d - 6 exploding tomahawks (quivered)
Armour
 b - a +0 robe (worn)
Jewellery
 f - an amulet of regeneration (around neck)
 i - a cursed amulet of faith {unknown}
Scrolls
 c - a scroll of amnesia
 e - 2 scrolls of magic mapping
 h - a scroll of remove curse
Comestibles
 g - 2 rations


   Skills:
 + Level 2.8 Fighting
 + Level 3.9 Short Blades
 * Level 5.8 Dodging
 * Level 5.3 Stealth


You had 3 spell levels left.
You didn't know any spells.

Dungeon Overview and Level Annotations

Branches:
Dungeon (2/15)

Altars:

Annotations:
D:2 Sigmund


Innate Abilities, Weirdness & Mutations

You are very small and have problems with some larger weapons.
You are too small for most types of armour.
You have supernaturally acute eyesight. (SInv)
You are a herbivore.
You cover ground extremely quickly.
You need consume almost no food.


Message History

You closely miss Sigmund.
Sigmund is heavily wounded.
The ooze jiggles.
Sigmund gestures at you while chanting. The puff of flame hits you!
* * * LOW HITPOINT WARNING * * *
You barely miss Sigmund.
Sigmund is heavily wounded.
Sigmund misses you.
You hit Sigmund.
Sigmund is heavily wounded.
You completely miss Sigmund.
Sigmund is heavily wounded.
Sigmund misses you.
You closely miss Sigmund.
Sigmund is heavily wounded.
You closely miss Sigmund.
Sigmund is heavily wounded.
Sigmund hits you with a scythe!
You die...

................,,,,,*
########.#########*****
* #@J........,,,,*
*########..#....##***,*
*#.........#.##.# *,*
#.........#.#*,*****,*
#..........<#*,,,,,,,*
#..........#############
#.........>..J@@..)....#
#########.###########.##
#.# #.# #.# #.# #.# #.#
#.# #######.# #.#
#.......# #.# #.#######
#.#####.#.#


You could see Sigmund (invisible) and an ooze.

Vanquished Creatures
  An ogre (D:2)
  An ooze (D:1)
  A dart slug (D:1)
  2 leopard geckos (D:1)
  A ball python (D:1)
  2 goblins (D:1)
  5 hobgoblins (D:1)
  6 kobolds (D:1)
  3 bats
  7 frilled lizards
  5 rats
34 creatures vanquished.

Notes
Turn   | Place    | Note
-------+----------+-------------------------------------------
     0 | D:1      | Hercules1031 the Spriggan Monk began the quest for the Orb.
     0 | D:1      | Reached XP level 1. HP: 11/11 MP: 2/2
   305 | D:1      | Reached XP level 2. HP: 16/16 MP: 3/3
   534 | D:1      | Reached skill level 5 in Dodging
   632 | D:1      | Reached XP level 3. HP: 10/19 MP: 4/4
  1155 | D:2      | Noticed Sigmund
  1295 | D:2      | Noticed an ogre
  1302 | D:2      | Killed an ogre
  1302 | D:2      | Reached skill level 5 in Stealth
  1302 | D:2      | Reached XP level 4. HP: 23/23 MP: 5/5
  1319 | D:2      | HP: 1/23 [Sigmund/puff of flame (6)]
  1324 | D:2      | Slain by Sigmund

Skill      XL: |  1  2  3 |
---------------+----------+-----
Dodging        | 5 |  5.8
Stealth        | 4 5 |  5.3
Fighting       | |  2.8
Short Blades   | |  3.9

Action                   |  1- 3 |  4- 6 || total
-------------------------+-------+-------++-------
Melee: Short sword       |   135 |    15 ||   150
  Use: Potion            |     6 |       ||     6
       Scroll            |     5 |       ||     5
 Stab: Sleeping          |     7 |       ||     7
  Eat: Ration            |     2 |       ||     2
Armor: Robe              |     8 |       ||     8
Dodge: Dodged            |   148 |     4 ||   152
